Map: Catallena LE (Void)

Players

Winthrowe - Winner!

  • Race: Protoss Protoss
  • League: Silver
  • Spawn Location: 12:00

annihilator

  • Race: Terran Terran
  • League: Silver
  • Spawn Location: 5:00

VOD

Have the link to the VOD?

Description

Time

  • Played on: Sept. 3, 2017, 8:59 p.m.
  • Length: 21:56
Show
View Real Time Build Order
Export as new Build Order

Winthrowe Protoss - Winner!

Build Orders:  

Get SALT Encoding   

  12  0:04  Probe (Chrono Boost)  
  13  0:18  Probe (Chrono Boost)  
  14  0:28  Pylon  
  14  0:35  Pylon  
  14  0:37  Assimilator  
  14  0:40  Probe (Chrono Boost)  
  15  0:51  Probe (Chrono Boost)  
  16  1:01  Gateway  
  16  1:12  Probe (Chrono Boost)  
  17  1:23  Probe (Chrono Boost)  
  18  1:33  Probe (Chrono Boost)  
  19  1:44  Probe (Chrono Boost)  
  20  1:55  Probe (Chrono Boost)  
  21  2:09  Cybernetics Core  
  21  2:12  Gateway  
  21  2:17  Gateway x2  
  21  2:21  Assimilator  
  21  2:22  Probe (Chrono Boost)  
  22  2:32  Probe (Chrono Boost)  
  23  2:43  Probe (Chrono Boost)  
  24  2:54  Mothership Core (Chrono Boost)  
  26  2:58  Warp Gate (Chrono Boost)  
  26  3:07  Stalker x2  
  30  3:18  Pylon  
  30  3:35  Stalker x2, Pylon  
  34  3:44  Pylon  
  34  3:55  Stalker x2  
  38  4:09  Nexus  
  38  4:17  Probe  
  39  4:29  Probe  
  40  4:41  Probe  
  41  4:53  Probe  
  41  4:56  Assimilator  
  42  5:01  Assimilator  
  42  5:03  Stalker x2  
  42  5:04  Stalker  
  42  5:05  Probe  
  49  5:11  Sentry  
  51  5:17  Probe  
  52  5:27  Sentry  
  52  5:28  Sentry x2  
  56  5:29  Probe  
  56  5:34  Sentry  
  61  6:01  Robotics Facility  
  61  6:02  Gateway  
  61  6:05  Gateway x2  
  61  6:06  Probe  
  61  6:07  Probe  
  63  6:16  Probe  
  64  6:19  Probe  
  65  6:27  Probe  
  65  6:31  Probe  
  67  6:33  Zealot  
  69  6:45  Pylon  
  69  6:49  Pylon  
  69  6:52  Pylon  
  69  6:55  Pylon  
  69  7:06  Warp Prism  
  71  7:43  Probe  
  69  7:44  Probe  
  51  7:54  Probe  
  51  7:56  Probe  
  45  8:05  Zealot  
  45  8:06  Zealot x3  
  45  8:08  Probe  
  54  8:24  Stalker x3  
  60  8:29  Sentry x4  
  68  8:46  Pylon  
  68  8:48  Pylon  
  68  8:54  Pylon  
  68  8:57  Pylon  
  68  9:03  Forge  
  68  9:04  Forge  
  68  9:07  Forge  
  68  9:10  Gateway  
  68  9:11  Gateway  
  68  9:12  Sentry  
  68  9:13  Sentry  
  68  9:14  Sentry x3  
  68  9:15  Sentry, Gateway  
  80  9:17  Sentry  
  80  9:18  Gateway  
  80  9:20  Gateway  
  82  9:49  Nexus  
  46  10:35  Stargate  
  46  10:36  Stargate  
  46  10:37  Stargate  
  46  10:41  Stargate  
  46  10:52  Assimilator  
  46  10:54  Assimilator  
  46  11:10  Warp Prism  
  48  11:21  Nexus  
  48  11:28  Probe x2  
  48  11:29  Probe  
  48  11:32  Pylon  
  51  11:35  Pylon  
  51  11:38  Pylon  
  51  11:39  Probe x2  
  51  11:41  Pylon, Probe  
  51  11:46  Observer  
  55  11:49  Void Ray, Probe  
  55  11:53  Probe  
  61  11:56  Probe  
  61  12:00  Probe  
  62  12:05  Probe  
  62  12:06  Probe  
  65  12:11  Probe  
  66  12:17  Probe x2  
  66  12:21  Probe  
  69  12:40  Void Ray (Chrono Boost)  
  69  12:43  Void Ray x2 (Chrono Boost)  
  81  12:58  Probe  
  81  12:59  Probe x2  
  81  13:00  Probe  
  81  13:02  Cybernetics Core  
  85  13:08  Probe  
  85  13:11  Probe x2  
  85  13:12  Probe  
  93  13:13  Void Ray (Chrono Boost)  
  93  13:19  Void Ray (Chrono Boost)  
  97  13:20  Protoss Air Weapons Level 1  
  101  13:27  Void Ray (Chrono Boost)  
  101  13:32  Fleet Beacon  
  101  13:43  Void Ray (Chrono Boost)  
  105  13:50  Void Ray (Chrono Boost)  
  109  13:56  Void Ray (Chrono Boost)  
  117  14:10  Void Ray (Chrono Boost)  
  117  14:17  Protoss Air Armor Level 1  
  117  14:28  Graviton Catapult  
  129  14:32  Carrier x2 (Chrono Boost)  
  129  14:34  Carrier (Chrono Boost)  
  135  14:43  Assimilator  
  135  14:50  Assimilator  
  141  14:59  Carrier (Chrono Boost)  
  125  15:46  Carrier (Chrono Boost)  
  125  15:47  Carrier (Chrono Boost)  
  109  15:59  Carrier (Chrono Boost)  
  109  16:02  Protoss Air Weapons Level 2  
  115  16:17  Protoss Air Armor Level 2  
  127  16:50  Carrier (Chrono Boost)  
  127  17:13  Nexus  
  127  17:21  Carrier x2 (Chrono Boost)  
  139  17:24  Nexus  
  139  17:27  Assimilator  
  139  17:28  Assimilator  
  139  17:41  Assimilator  
  139  17:43  Assimilator  
  139  17:49  Zealot x2  
  139  17:50  Zealot x5  
  153  18:05  Carrier (Chrono Boost)  
  165  18:16  Carrier (Chrono Boost)  
  165  18:17  Warp Prism  
  167  18:34  Zealot x2  
  167  18:35  Zealot x4  
  167  18:36  Zealot  
  157  19:06  Carrier x2 (Chrono Boost)  
  157  19:08  Protoss Air Weapons Level 3  
  167  19:19  Carrier (Chrono Boost)  
  179  19:41  Carrier (Chrono Boost)  
  177  20:00  Zealot x2  
  177  20:01  Zealot x5  
  191  20:21  Zealot, Carrier (Chrono Boost)  
  193  21:06  Observer  
  192  21:27  Observer  
Show
View Real Time Build Order
Export as new Build Order

annihilator Terran 

Build Orders:  

Get SALT Encoding   

  12  0:02  SCV  
  13  0:14  SCV  
  14  0:22  Supply Depot  
  14  0:26  SCV  
  15  0:39  Engineering Bay  
  15  0:44  SCV  
  16  0:55  Barracks  
  16  0:56  SCV  
  17  1:08  SCV  
  18  1:15  Supply Depot  
  18  1:20  SCV  
  18  1:23  Refinery  
  19  1:27  Refinery  
  19  1:32  SCV  
  20  1:43  Barracks  
  20  1:48  Marine  
  21  2:01  SCV  
  21  2:07  Marine  
  23  2:13  SCV  
  24  2:25  Marine  
  24  2:28  SCV  
  26  2:34  Barracks Reactor  
  26  2:43  Marine  
  27  2:51  Factory  
  27  3:00  Marine  
  27  3:02  Planetary Fortress  
  28  3:12  Marine  
  28  3:13  Marine  
  30  3:26  Barracks Tech Lab  
  30  3:30  Marine  
  31  3:45  Supply Depot  
  31  3:47  Supply Depot  
  31  3:49  Supply Depot, Combat Shields  
  31  3:51  Supply Depot  
  31  3:53  Factory Tech Lab  
  31  4:07  Marine x2, Armory  
  33  4:24  Marine x2  
  33  4:27  Widow Mine  
  37  4:35  Marauder  
  39  4:42  Marine x2  
  41  4:56  Widow Mine  
  41  4:57  Marauder  
  45  5:00  Starport  
  45  5:24  Widow Mine  
  47  5:36  SCV  
  48  5:52  Starport Tech Lab  
  48  5:53  Widow Mine  
  48  5:55  Command Center  
  50  6:02  Fusion Core  
  50  6:13  Raven  
  52  6:42  Marauder  
  52  6:43  Marine x2  
  56  6:56  Medivac  
  58  7:01  Marine x2  
  58  7:03  Marauder  
  62  7:10  Factory  
  62  7:18  Starport  
  62  7:19  Marine x2  
  64  7:25  Marauder  
  64  7:26  Viking  
  68  7:37  Marine x2  
  70  7:45  SCV  
  70  7:46  Marauder  
  72  7:57  SCV  
  72  8:07  Marauder  
  72  8:09  SCV  
  75  8:18  Factory Tech Lab  
  75  8:21  SCV  
  75  8:24  Starport Tech Lab  
  76  8:30  Supply Depot  
  76  8:31  Supply Depot  
  76  8:32  Supply Depot x2  
  76  8:34  Supply Depot, SCV  
  77  8:38  Planetary Fortress  
  77  8:51  Thor  
  77  8:53  Medivac  
  85  9:00  Medivac  
  87  9:04  Marine x3  
  90  9:21  Marine  
  91  9:46  SCV  
  92  9:52  Refinery  
  92  9:56  Refinery  
  92  9:58  SCV  
  93  10:08  Supply Depot  
  93  10:09  Supply Depot  
  93  10:10  Supply Depot, SCV  
  93  10:12  Supply Depot x2  
  93  10:14  Supply Depot  
  93  10:21  Medivac  
  93  10:22  SCV, Medivac  
  98  10:34  SCV  
  99  10:51  Medivac  
  99  10:52  Medivac  
  103  10:58  SCV  
  103  11:00  SCV  
  105  11:18  Widow Mine x2  
  105  11:22  Battlecruiser  
  115  11:35  Drilling Claws  
  115  11:46  Widow Mine  
  115  11:47  Widow Mine  
  119  12:15  Widow Mine x2  
  119  12:16  Battlecruiser  
  129  12:41  Command Center  
  129  12:43  Widow Mine  
  129  12:44  Widow Mine  
  129  12:45  Marauder  
  129  12:49  Marine  
  129  12:50  Marine  
  137  12:59  Refinery  
  137  13:06  Marauder  
  137  13:07  Marine  
  137  13:08  Marine  
  137  13:12  Thor  
  147  13:24  Marine  
  147  13:25  Marine  
  149  13:28  Marauder  
  149  13:29  Battlecruiser  
  149  13:31  Viking  
  159  13:42  Marine  
  159  13:43  Marine  
  161  13:49  Marauder  
  163  14:09  Battlecruiser  
  169  14:10  Marauder  
  171  14:31  Refinery  
  171  14:35  Planetary Fortress  
  171  14:40  Battlecruiser  
  177  14:49  SCV  
  178  15:01  SCV  
  179  15:14  SCV  
  180  15:21  Supply Depot  
  180  15:23  Supply Depot  
  180  15:25  Supply Depot  
  180  15:26  SCV  
  181  15:31  Supply Depot  
  169  15:38  SCV  
  149  16:08  Command Center  
  149  16:32  Battlecruiser  
  161  16:33  Battlecruiser  
  161  16:39  Marauder  
  163  16:41  Marine  
  163  16:42  Marine  
  165  16:59  Marine  
  165  17:00  Marine  
  165  17:01  Marauder  
  169  17:16  Marine  
  169  17:18  Marine  
  169  17:22  Planetary Fortress, Marauder  
  173  17:28  SCV  
  174  17:41  SCV x2  
  174  17:43  Marauder  
  178  17:47  Battlecruiser  
  184  17:53  SCV x2  
  186  18:05  SCV  
  187  18:15  Command Center  
  187  18:17  SCV  
  187  18:19  Refinery  
  188  18:29  Engineering Bay  
  188  18:31  Armory  
  50  19:16  Marine x2  
  50  19:17  Marine  
  51  19:34  Marine x3  
  51  19:52  Marine x2  
  45  20:10  Barracks  
  45  20:13  Barracks  
  42  20:20  Planetary Fortress  
  42  20:27  SCV  
  43  20:39  SCV  
  44  20:51  SCV  
  11  21:14  Marine  
  11  21:15  Marine  
Tags
 
Add a new tag
Caveats
  • Supply blocks, unpowered buildings, or Contaminate may cause inaccurate times.
  • Supply counts are checked every 10 seconds.